AoeStats
← old f1sh

Black Forest

509684620Analyzed
4v4 RM · 4d ago on Sep 27, 2026· 68m 37s· 8 players
Game mode
Random Map
Map size
Large (8 player)
Population
200
Speed
Normal
Resources
Standard
Victory
Conquest
Starting age
Dark Age
Ending age
Imperial Age
RankedLock teamsTeams togetherTeam positionsShared explorationLock speedFull tech treeHidden civsTurbo modeCheats
Victory
Defeat
🇹🇼 Britons · Taiwan
1351
+18
🇹🇼 Cumans · Taiwan
1350
+18
🇹🇼 Koreans · Taiwan
1330
+18
🇹🇼 Danes · Taiwan
1303
+19
🇨🇳 Burgundians · China
1432
-21
🇺🇸 Hindustanis · United States
1387
-18
🇨🇳 Varangians · China
1376
-18
🇨🇳 Turks · China
1334
-16
[TAIDA] WH
0:26 Loom
11:18 Feudal Age
15:34 Castle Age
13:44 Double-Bit Axe
16:08 Fletching
17:06 Bodkin Arrow
31:25 Imperial Age
29:38 Gold Mining
31:43 Fortified Wall
33:19 Chemistry
34:40 Bracer
45:27 Ballistics
45:19 Treadmill Crane
51:23 Siege Engineers
52:18 Crossbowman
54:58 Arbalester
56:46 Thumb Ring
67:08 Caravan
[TAIDA]馬其
6:38 Loom
8:52 Feudal Age
9:42 Double-Bit Axe
10:03 Horse Collar
19:07 Castle Age
18:38 Scale Barding Armor
20:08 Heavy Plow
20:19 Bow Saw
22:38 Wheelbarrow
27:54 Imperial Age
26:05 Bloodlines
26:36 Light Cavalry
27:37 Capped Ram
28:39 Devotion
31:38 Chain Barding Armor
31:28 Forging
33:26 Plate Barding Armor
34:14 Two-Man Saw
33:52 Crop Rotation
33:05 Cavalier
35:04 Iron Casting
35:33 Town Watch
36:24 Paladin
38:49 Blast Furnace
41:14 Caravan
41:44 Coinage
43:46 Coinage
43:27 Guilds
45:12 Banking
45:56 Hand Cart
45:20 Hussar
46:23 Fletching
48:00 Gold Mining
48:00 Stone Mining
54:33 Conscription
54:15 Steppe Husbandry
57:22 Bodkin Arrow
57:27 Padded Archer Armor
59:56 Parthian Tactics
60:15 Leather Archer Armor
60:22 Ballistics
61:03 Chemistry
60:24 Cuman Mercenaries
59:45 Elite Kipchak
60:26 Steppe Husbandry
61:02 Hoardings
59:58 Sappers
[OPP]COSMO
10:14 Feudal Age
14:22 Castle Age
12:46 Double-Bit Axe
13:58 Horse Collar
14:34 Forging
15:02 Arson
18:52 Bow Saw
19:33 Scale Mail Armor
20:39 Chain Mail Armor
21:45 Gold Mining
22:09 Squires
24:20 Iron Casting
24:39 Loom
25:55 Gambesons
26:24 Heavy Plow
27:02 Wheelbarrow
26:24 Town Watch
26:48 Stone Mining
28:28 Gold Shaft Mining
28:49 Hand Cart
33:22 Imperial Age
33:39 Devotion
33:32 Onager
34:11 Northmen's Fury
34:19 Elite Varangian Guard
36:01 Blast Furnace
37:14 Conscription
37:57 Plate Mail Armor
41:17 Pikeman
42:37 Onager
43:50 Capped Ram
44:23 Fletching
44:41 Siege Ram
45:48 Caravan
47:29 Siege Engineers
46:55 Siege Onager
47:08 Halberdier
59:18 Man-at-Arms
60:03 Long Swordsman
61:41 Two-Handed Swordsman
62:35 Two-Handed Swordsman
63:32 Champion
pasonnosap
2:20 Loom
13:17 Feudal Age
14:20 Double-Bit Axe
17:04 Castle Age
14:57 Horse Collar
15:48 Stone Mining
16:41 Gold Mining
20:28 Town Watch
22:39 Bow Saw
23:36 Heavy Plow
24:39 Wheelbarrow
25:41 Fletching
30:20 Hand Cart
32:41 Imperial Age
30:47 Ballistics
30:19 Man-at-Arms
31:00 Squires
30:56 Bodkin Arrow
31:01 Padded Archer Armor
31:26 Caravan
32:50 Leather Archer Armor
32:45 Forging
32:01 Long Swordsman
32:26 Gambesons
34:15 Gold Shaft Mining
33:06 Onager
34:15 Bracer
35:18 Chemistry
34:29 Masonry
34:52 Treadmill Crane
36:19 Ring Archer Armor
36:24 Iron Casting
36:16 Elite Longbowman
37:21 Yeomen
37:30 Conscription
37:45 Hoardings
38:35 Two-Man Saw
39:08 Warwolf
47:16 Blast Furnace
46:16 Scale Mail Armor
46:07 Two-Handed Swordsman
46:08 Pikeman
46:34 Arson
46:31 Capped Ram
48:38 Scale Barding Armor
48:34 Cavalier
49:15 Husbandry
52:06 Chain Barding Armor
52:02 Chain Mail Armor
57:58 Plate Mail Armor
58:03 Plate Barding Armor
57:42 Halberdier
59:17 Light Cavalry
Men Call Me Gladiator
0:46 Loom
1:15 Loom
13:16 Feudal Age
18:02 Castle Age
15:59 Double-Bit Axe
19:24 Wheelbarrow
18:37 Town Watch
19:09 Bow Saw
19:11 Horse Collar
20:32 Gold Mining
24:04 Stone Mining
27:12 Wheelbarrow
30:06 Hand Cart
30:50 Husbandry
32:45 Scale Barding Armor
46:02 Chain Barding Armor
45:53 Forging
46:08 Light Cavalry
46:58 Bloodlines
49:15 Iron Casting
54:23 Heavy Plow
56:48 Fletching
56:58 Padded Archer Armor
57:19 Elite Skirmisher
old f1sh
3:55 Double-Bit Axe
10:50 Feudal Age
12:01 Bow Saw
14:29 Castle Age
15:14 Horse Collar
16:30 Wheelbarrow
15:59 Heavy Plow
20:01 Hand Cart
22:52 Redemption
26:48 Imperial Age
24:55 Ballistics
24:48 Guilds
24:42 Loom
25:43 Padded Archer Armor
27:07 Leather Archer Armor
28:34 Chemistry
28:34 Scale Mail Armor
28:44 Forging
29:17 Sanctity
30:00 Block Printing
31:18 Squires
31:04 Arson
32:19 Chain Mail Armor
32:39 Iron Casting
34:49 Coinage
40:04 Fortified Wall
41:01 Plate Mail Armor
41:32 Blast Furnace
43:58 Blast Furnace
47:34 Conscription
49:13 Burgundian Vineyards
52:35 Caravan
55:13 Masonry
56:25 Fletching
58:30 Architecture
V我50%匡扶汉室
11:54 Feudal Age
12:54 Horse Collar
13:11 Double-Bit Axe
17:21 Castle Age
18:59 Heavy Plow
19:14 Bow Saw
19:49 Gold Mining
20:48 Wheelbarrow
27:20 Imperial Age
25:11 Hand Cart
31:19 Heavy Camel Rider
34:55 Gold Shaft Mining
34:46 Scale Barding Armor
34:52 Forging
37:24 Artillery
39:04 Bloodlines
38:54 Husbandry
40:50 Fortified Wall
40:51 Masonry
涅槃重生
0:30 Loom
11:22 Feudal Age
11:24 Man-at-Arms
13:04 Arson
20:20 Castle Age
22:13 Stone Mining
24:31 Double-Bit Axe
29:05 Horse Collar
32:42 Fletching
34:36 Scale Mail Armor
34:46 Forging
36:13 Chain Mail Armor
37:03 Iron Casting
38:30 Wheelbarrow
38:14 Heavy Plow
40:01 Bow Saw
42:50 Imperial Age
40:42 Hand Cart
40:37 Gambesons
40:52 Squires
41:47 Town Watch
43:01 Gothikon
44:13 Plate Mail Armor
44:44 Blast Furnace
44:29 Elite Varangian Guard
50:09 Town Patrol
49:38 Capped Ram
52:39 Conscription
53:49 Coinage
52:53 Siege Ram
55:49 Caravan
57:25 Banking
62:20 Murder Holes
62:46 Ballistics
63:26 Chemistry
62:40 Onager
Connection lost

Rejoining the realm…

Still unreachable

The connection could not be restored.

Session expired

The server has moved on; the page needs a fresh start.